 Dungeon Crawl Stone Soup version 0.29.1-15-g9cfb28693d (webtiles) character file.

Game seed: 9132623951545611418

93 hawla the Firebug (level 5, 0/38 HPs)
             Began as a Meteoran Fire Elementalist on Mar 7, 2023.
             Slain by a scorpion (2 damage)
             ... on level 5 of the Dungeon.
             The game lasted 00:02:23 (273 turns).

hawla the Firebug (Meteoran Fire Elementalist)       Turns: 273, Time: 00:02:24

Health: 0/38       AC:  2    Str:  9    XL:     5   Next: 16%
Magic:  1/10       EV: 13    Int: 18    God:
Gold:   57         SH:  0    Dex: 15    Spells: 7/10 levels left

rFire   . . .      SeeInvis .   (no weapon)
rCold   . . .      Faith    .   (no shield)
rNeg    . . .      Spirit   .   a - +0 robe
rPois   .          Reflect  .   (no helmet)
rElec   .          Harm     .   (no cloak)
rCorr   .          Rampage  .   (no gloves)
Will    .....                   (no boots)
Stlth   +.........              (no amulet)
HPRegen 0.12/turn               (no ring)
MPRegen 0.12/turn               (no ring)

@: glowing
A: sense surroundings 1, otherworldly, glowing, explore regen
a: no special abilities


You were on level 5 of the Dungeon.
You visited 1 branch of the dungeon, and saw 5 of its levels.

You collected 57 gold pieces.

Inventory:

Armour
 a - a +0 robe (worn)
Scrolls
 b - a scroll of blinking {unknown}
 f - a scroll of identify {unknown}


   Skills:
 + Level 3.2 Dodging
 - Level 1.4 Stealth
 + Level 3.3 Spellcasting
 + Level 2.0 Conjurations
 + Level 5.2 Fire Magic


You had 7 spell levels left.
You knew the following spells:

 Your Spells              Type           Power      Damage    Failure   Level
a - Foxfire               Conj/Fire      64%        2x1d7     3%          1
b - Scorch                Fire           42%        2d7       2%          2

Your spell library contained the following spells:

 Spells                   Type           Power      Damage    Failure   Level
 Conjure Flame            Conj/Fire      16%        6-21      11%         3
 Inner Flame              Hex/Fire       12%        N/A       16%         3
 Flame Wave               Conj/Fire      16%        2d7       34%         4


Dungeon Overview and Level Annotations

Branches:
Dungeon (5/15) Zot: 2728
 Temple: D:4-7

Altars:


Innate Abilities, Weirdness & Mutations

You passively map a small area around you.
You are easily found by Zot.
You glow in the dark.
You regain HP and MP as you explore.


Message History

The foxfire hits the scorpion.
The scorpion is moderately wounded.
You hit the scorpion but do no damage.
The scorpion is moderately wounded.
The scorpion stings you!
You are poisoned.
The scorpion poisons you! The scorpion stings you.
You are lethally poisoned!
The scorpion poisons you!
Casting: Foxfire (safe; 3% risk of failure)
Confirm with . or Enter, or press ? or * to list all spells.
You conjure some foxfire!
You feel very sick. The scorpion stings you.
* * * LOW HITPOINT WARNING * * *
You hit the scorpion but do no damage.
The scorpion is moderately wounded.
* * * LOW HITPOINT WARNING * * *
You feel very sick.
The foxfire hits the scorpion but does no damage.
The scorpion is moderately wounded.
The foxfire hits the scorpion but does no damage.
The scorpion is moderately wounded.
The scorpion stings you but does no damage.
It was a potion of curing.
You feel better. The scorpion closely misses you.
As you read the scroll labelled NOUKLU TUOLO, it crumbles to dust.
The scroll dissolves into smoke.
It was a scroll of fog.
The scorpion stings you.
* * * LOW HITPOINT WARNING * * *
As you read the scroll labelled LAONNA HITSISCH, it crumbles to dust.
You feel aware of your surroundings.
You sensed 1 shop/portal.
It was a scroll of magic mapping.
The scorpion stings you.
* * * LOW HITPOINT WARNING * * *
The scorpion closely misses you. The scorpion stings you.
* * * LOW HITPOINT WARNING * * *
The scorpion attacks as you move away!
The scorpion stings you but does no damage.
The scorpion attacks as you move away! The scorpion stings you.
You die...

**,********##.#.##.#
**,,,,,,,,*#.......#
**,,,,,,,,*#.......##
,,,,,,,,,,*#........#
,,,,,,,,,,*#..§§....#
***,>,,,,,*#.<§§§§§.#
,**,,,,,,,**,*#§§§§#*
*,*,,,,,,,*#..§§s§§#
**,,,,,****#####@###
*,*,**** #.# ,,,,*
******#.#
,*********,,,,,..#
,,,,,,,,,*,****###
,,^,,,,,,,,*
***********
,**,***,,*** ***
*,,,,,,,,,**
,,,,,,,*,* **,**
*,*******,**
***,**,*,*
**,*,****,**** *,,,


You could see a scorpion.

Vanquished Creatures
  A gnoll bouda (D:4)
  4 gnolls (D:4)
  An adder (D:4)
  2 endoplasms
  A giant cockroach (D:1)
  3 goblins
  A hobgoblin (D:3)
  2 jackals (D:3)
  A quokka (D:3)
  2 bats (D:1)
  3 rats
21 creatures vanquished.

Vanquished Creatures (others)
  54 foxfires
54 creatures vanquished.

Grand Total: 75 creatures vanquished

Notes
Turn   | Place    | Note
-------+----------+-------------------------------------------
     0 | D:1      | hawla the Meteoran Fire Elementalist began the quest for
                  | the Orb.
     0 | D:1      | Reached XP level 1. HP: 14/14 MP: 5/5
    52 | D:1      | Reached skill level 4 in Fire Magic
    52 | D:1      | Reached XP level 2. HP: 10/20 MP: 1/6
    57 | D:1      | Learned a level 2 spell: Scorch
   201 | D:3      | Reached XP level 3. HP: 26/26 MP: 2/8
   234 | D:4      | Reached XP level 4. HP: 33/33 MP: 0/9
   240 | D:4      | Reached skill level 5 in Fire Magic
   244 | D:4      | Reached XP level 5. HP: 35/38 MP: 0/10
   260 | D:5      | Entered Level 5 of the Dungeon
   271 | D:5      | HP: 1/38 [scorpion (4)]
   273 | D:5      | Slain by a scorpion

Illustrated notes

Levels and vault maps discovered:
D:1:      mainiacjoe_arrival_reflecting_pool, layout_basic,
          basic_ecumenical_altar, hangedman_decor_peaks_small
D:2:      layout_basic, nrook_campfire, uniq_sigmund
D:3:      layout_basic, kennysheep_generic_room_8
D:4:      layout_rooms, zin_treasury, general_overflow_altar,
          mainiacjoe_overflow_alcove_4
D:5:      layout_loops_cross, portal_sewer_entry_b, uniq_ijyb

Skill      XL: |  1  2  3  4 |
---------------+-------------+-----
Fire Magic     | 4 5 |  5.2
Spellcasting   | 3 |  3.3
Dodging        | 3 |  3.2
Conjurations   | 2 |  2.0
Stealth        | |  1.4

Action                   |  1- 3 |  4- 6 || total
-------------------------+-------+-------++-------
Melee: Unarmed           |    13 |    11 ||    24
 Cast: Foxfire           |    21 |    10 ||    31
       Scorch            |     4 |     3 ||     7
  Use: Potion            |       |     2 ||     2
       Scroll            |       |     2 ||     2
Armor: Robe              |     6 |     5 ||    11
Dodge: Dodged            |    16 |     7 ||    23
